[Event "HockeyNinjas: 5 Euro playmoney, 11 players"]
[Site "www.chessgamble.com"]
[Date "2015.02.24"]
[Round "1"]
[White "Clark"]
[Black "Jonny"]
[Result "1-0"]
[WhiteElo "1714"]
[BlackElo "1683"]
[TimeControl "10/864000"]
[Mode "ICS"]

1. d4 d5 2. c4 e6 3. Nc3 Nf6 4. Bg5 Nbd7 5. e3 c6 6. Nf3 Qa5 7. Bd3 Ba3 8. Qc2 dxc4 9. Bxc4 Qb4 10. Bb3 Bxb2 11. Qxb2 Ne4 12. Rc1 h6 13. a3 Qa5 14. Bh4 e5 15. O-O Nxc3 16. Qxc3 Qxc3 17. Rxc3 g5 18. Bg3 e4 19. Nd2 f5 20. f3 Nf6 21. fxe4 Nxe4 22. Nxe4 fxe4 23. Bf7+ Kd8 24. Bg6 Be6 25. Bxe4 1-0

[Event "HockeyNinjas: 5 Euro playmoney, 11 players"]
[Site "www.chessgamble.com"]
[Date "2015.02.24"]
[Round "1"]
[White "Clark"]
[Black "grauBall"]
[Result "0-1"]
[WhiteElo "1714"]
[BlackElo "1893"]
[TimeControl "10/864000"]
[Mode "ICS"]

1. e4 e6 2. d4 d5 3. Nc3 Bb4 4. Nf3 Nf6 5. Bd2 Bxc3 6. bxc3 Nxe4 7. Bb5+ c6 8. Bd3 O-O 9. O-O Qa5 10. Qe1 f5 11. Ne5 Nd7 12. f3 Nxd2 13. Qxd2 Nxe5 14. dxe5 d4 15. Rfe1 Bd7 16. Qd1 Qxc3 17. Rb1 b5 18. Rb3 Qa5 19. a3 c5 20. Be2 c4 21. Rb2 Qc3 22. Qc1 f4 23. Rb1 Bc6 24. Rd1 Rf5 25. Re1 Qe3+ 26. Qxe3 fxe3 27. Red1 Rd8 28. c3 d3 29. 0-1

[Event "HockeyNinjas: 5 Euro playmoney, 11 players"]
[Site "www.chessgamble.com"]
[Date "2015.02.24"]
[Round "1"]
[White "Treppner"]
[Black "Clark"]
[Result "1-0"]
[WhiteElo "1703"]
[BlackElo "1714"]
[TimeControl "10/864000"]
[Mode "ICS"]

1. e4 e5 2. Nf3 Nc6 3. Bc4 Bb4 4. c3 d5 5. exd5 Na5 6. b3 Nxc4 7. bxc4 Bd6 8. O-O e4 9. Re1 Nf6 10. d3 Bf5 11. dxe4 Bg6 12. e5 Bxb1 13. exf6+ 1-0

[Event "HockeyNinjas: 5 Euro playmoney, 11 players"]
[Site "www.chessgamble.com"]
[Date "2015.02.24"]
[Round "1"]
[White "Clark"]
[Black "gabelangriff"]
[Result "0-1"]
[WhiteElo "1714"]
[BlackElo "1853"]
[TimeControl "10/864000"]
[Mode "ICS"]

1. e4 c5 2. c3 Nf6 3. e5 Nd5 4. c4 Nb4 5. Nc3 d6 6. d4 cxd4 7. Qa4+ N8c6 8. a3 dxc3 9. axb4 a6 10. exd6 cxb2 11. Bxb2 Qxd6 12. Nf3 Qxb4+ 13. Qxb4 Nxb4 14. Rd1 Nc2+ 15. Kd2 Nb4 16. Ke1 Nc2+ 17. Ke2 Be6 18. Kd3 Bf5+ 19. Ke2 Rd8 20. Rxd8+ Kxd8 21. Ne5 Ke8 22. h3 h5 23. c5 e6 24. c6 bxc6 25. Nxc6 Be4 26. Kd2 Bxc6 27. Kxc2 a5 28. Bc3 a4 29. Kd3 a3 30. f4 Bd5 31. Bd4 a2 32. h4 f6 33. Rh3 Bc5 34. Bb2 Kf7 35. Ba1 Rd8 36. Kc2 Bd6 37. Be2 Bxf4 38. Bxh5+ g6 39. Bf3 Rc8+ 40. Kd3 Bc4+ 41. Ke4 e5 42. Bd1 f5+ 43. Kf3 Bd5+ 44. 0-1

[Event "HockeyNinjas: 5 Euro playmoney, 11 players"]
[Site "www.chessgamble.com"]
[Date "2015.02.24"]
[Round "1"]
[White "bishop"]
[Black "Clark"]
[Result "1/2-1/2"]
[WhiteElo "1917"]
[BlackElo "1714"]
[TimeControl "10/864000"]
[Mode "ICS"]

1. e4 e5 2. Nf3 d6 3. d4 Nf6 4. Nc3 Nc6 5. d5 Nb4 6. a3 Na6 7. Bb5+ Bd7 8. a4 c6 9. dxc6 Bxc6 10. O-O Be7 11. Bg5 O-O 12. Bxf6 Bxf6 13. Bxa6 bxa6 14. Qd3 Rb8 15. Rfb1 Rb6 16. a5 Rb8 17. Qxa6 Qc7 18. Qc4 Qd7 19. Ra3 Kh8 20. a6 Rfc8 21. Qd3 Qc7 22. Qd2 Bd7 23. Ng5 Rf8 24. Qe3 Rb4 25. h3 h6 26. Nf3 Rfb8 27. Qc1 Qc6 28. Nd5 Rxe4 29. Nxf6 gxf6 30. Qxh6+ Kg8 31. Qxf6 Qxc2 32. Qg5+ Kf8 33. Rc1 Qxb2 34. Qh6+ Ke8 35. Rd3 Rb6 36. Rf1 Bb5 37. Rd2 Qa3 38. Ng5 Re2 39. Qh8+ Ke7 40. Rxe2 Bxe2 41. Qa8 Qxa6 42. Rc1 Qb7 43. Qg8 Kf6 44. Qd8+ 1/2-1/2

[Event "HockeyNinjas: 5 Euro playmoney, 11 players"]
[Site "www.chessgamble.com"]
[Date "2015.02.24"]
[Round "1"]
[White "Clark"]
[Black "Nightmare"]
[Result "1-0"]
[WhiteElo "1714"]
[BlackElo "1725"]
[TimeControl "10/864000"]
[Mode "ICS"]

1. e4 Nf6 2. e5 Nd5 3. d4 d6 4. c4 Nb6 5. f4 dxe5 6. fxe5 Nc6 7. Be3 Bf5 8. Nc3 e6 9. a3 Be7 10. Nf3 O-O 11. Bd3 Na5 12. c5 Nac4 13. Bc1 Bxd3 14. Qxd3 Bxc5 15. b4 Be7 16. O-O f5 17. exf6 Rxf6 18. Qe4 Nd5 19. Qd3 Nxc3 20. Qxc4 Nd5 21. Bd2 c6 22. Qc2 Rf5 23. Rae1 Qd6 24. Rf2 Raf8 25. Rfe2 Nc7 26. Re5 Rxf3 27. gxf3 Rxf3 28. Qc5 Rxa3 29. Qxd6 Bxd6 30. R5e4 Nd5 31. Rxe6 Bxb4 32. Re8+ Kf7 33. Bxb4 Nxb4 34. Re7+ Kg6 35. Rxb7 Ra1+ 36. Kf2 Ra2+ 37. Kg3 Ra3+ 38. Kf2 Ra2+ 39. Kg3 a5 40. Ree7 Ra3+ 41. Kg4 h5+ 42. Kh4 Rd3 43. Rxg7+ Kh6 44. Rh7+ Kg6 45. Rg7+ Kf5 46. Rxh5+ Ke4 47. Rg4+ Kf3 48. Rxa5 Nd5 49. Rg3+ Ke4 50. Rxd3 Kxd3 51. Ra4 Kc3 52. Kg5 Kb3 53. Ra6 Kc4 54. h4 Nb4 55. Rb6 1-0

[Event "HockeyNinjas: 5 Euro playmoney, 11 players"]
[Site "www.chessgamble.com"]
[Date "2015.02.24"]
[Round "1"]
[White "Eddy"]
[Black "Clark"]
[Result "0-1"]
[WhiteElo "1627"]
[BlackElo "1714"]
[TimeControl "10/864000"]
[Mode "ICS"]

1. e4 c6 2. d4 d5 3. exd5 cxd5 4. c4 Nf6 5. Nc3 Nc6 6. cxd5 Nxd5 7. g4 Be6 8. Bg2 h6 9. Bf3 Nxc3 10. bxc3 Bc4 11. d5 Ne5 12. Qa4+ b5 13. Qa3 Nxf3+ 14. Nxf3 Qxd5 15. 0-1

[Event "HockeyNinjas: 5 Euro playmoney, 11 players"]
[Site "www.chessgamble.com"]
[Date "2015.02.24"]
[Round "1"]
[White "Clark"]
[Black "Rex"]
[Result "0-1"]
[WhiteElo "1714"]
[BlackElo "1930"]
[TimeControl "10/864000"]
[Mode "ICS"]

1. e4 c6 2. d4 d5 3. exd5 cxd5 4. c4 Nf6 5. Nc3 Nc6 6. Be3 dxc4 7. Bxc4 e6 8. Nf3 Qb6 9. O-O Qxb2 10. Qb3 Qxb3 11. axb3 Bb4 12. Nb5 O-O 13. Bd3 Nd5 14. Ng5 h6 15. Ne4 Na5 16. Nc5 b6 17. Ne4 a6 18. Nbd6 Nxb3 19. Rab1 Bxd6 20. Nxd6 Na5 21. Bd2 Rd8 22. Ne4 Nc6 23. Be3 e5 24. Rfc1 Nxd4 25. Bd2 Bf5 26. Rc4 a5 27. h4 b5 28. Rxd4 exd4 29. Rxb5 a4 30. Nf6+ Nxf6 31. Rxf5 h5 32. Ba5 Rd5 33. Bb6 a3 34. 0-1

[Event "HockeyNinjas: 5 Euro playmoney, 11 players"]
[Site "www.chessgamble.com"]
[Date "2015.02.24"]
[Round "1"]
[White "Bauernopfer"]
[Black "Clark"]
[Result "1-0"]
[WhiteElo "2024"]
[BlackElo "1714"]
[TimeControl "10/864000"]
[Mode "ICS"]

1. e4 e5 2. Nf3 Nc6 3. Bb5 a6 4. Bxc6 dxc6 5. Nc3 h5 6. O-O Bg4 7. h3 Bxf3 8. Qxf3 Qf6 9. Qe2 O-O-O 10. d3 Bc5 11. Be3 Bd4 12. a4 Ne7 13. a5 Ng6 14. Ra4 Nf4 15. Qd2 Qg5 16. g3 Nxh3+ 17. Kg2 Qg4 18. f3 Qe6 19. Bxd4 exd4 20. Ne2 c5 21. b4 Qc6 22. Raa1 Qe6 23. Rh1 h4 24. g4 Qd6 25. bxc5 Qxc5 26. Kxh3 g5 27. Rab1 Rh6 28. Qb4 Qxb4 29. Rxb4 c5 30. Rbb1 Rg8 31. Kg2 Rgg6 32. Rb3 Re6 33. f4 f6 34. c3 dxc3 35. Rxc3 Rc6 36. Rhc1 h3+ 37. Kh2 gxf4 38. Nxf4 Rh4 39. Nd5 Rxg4 40. Ne7+ 1-0

[Event "HockeyNinjas: 5 Euro playmoney, 11 players"]
[Site "www.chessgamble.com"]
[Date "2015.02.24"]
[Round "1"]
[White "gabelangriff"]
[Black "Jonny"]
[Result "1-0"]
[WhiteElo "1853"]
[BlackElo "1683"]
[TimeControl "10/864000"]
[Mode "ICS"]

1. e4 c6 2. d4 d5 3. Nc3 dxe4 4. Nxe4 Nf6 5. Nxf6+ gxf6 6. Nf3 Bg7 7. Bf4 Bg4 8. h3 Bxf3 9. gxf3 f5 10. c3 e6 11. Rg1 Rg8 12. Qe2 Qd5 13. Bg2 Nd7 14. O-O-O Qxa2 15. Bc7 Bh6+ 16. f4 Qb3 17. Bd5 cxd5 18. Rxg8+ Bf8 19. Bd6 O-O-O 20. Bxf8 Nxf8 21. Qh5 f6 22. Qf7 Nd7 23. Qxe6 Rxg8 24. Qxg8+ Kc7 25. Qxh7 Kc6 26. Re1 Nf8 27. Qe7 Nd7 28. Re6+ 1-0

[Event "HockeyNinjas: 5 Euro playmoney, 11 players"]
[Site "www.chessgamble.com"]
[Date "2015.02.24"]
[Round "1"]
[White "Jonny"]
[Black "bishop"]
[Result "0-1"]
[WhiteElo "1683"]
[BlackElo "1917"]
[TimeControl "10/864000"]
[Mode "ICS"]

1. d4 Nf6 2. c4 g6 3. Nc3 Bg7 4. e4 d6 5. h4 c5 6. Nf3 Nc6 7. Be3 cxd4 8. Nxd4 Bg4 9. f3 Nxd4 10. Bxd4 Bd7 11. e5 dxe5 12. Bxe5 O-O 13. c5 Bf5 14. Kf2 Qc8 15. Bd4 Rd8 16. Bc4 Ng4+ 17. 0-1

[Event "HockeyNinjas: 5 Euro playmoney, 11 players"]
[Site "www.chessgamble.com"]
[Date "2015.02.24"]
[Round "1"]
[White "Nightmare"]
[Black "Jonny"]
[Result "0-1"]
[WhiteElo "1725"]
[BlackElo "1683"]
[TimeControl "10/864000"]
[Mode "ICS"]

1. e4 e5 2. Nf3 Nf6 3. Nxe5 Qe7 4. d4 Nxe4 5. Nc3 Nxc3 6. bxc3 f6 7. Bf4 fxe5 8. Bxe5 Nc6 9. Qh5+ g6 10. Qe2 Nxe5 11. dxe5 d6 12. exd6 Qxe2+ 13. Kxe2 Bxd6 14. Rd1 Bg4+ 15. f3 Be6 16. a4 Kf7 17. Rd3 Rae8 18. Re3 Bd7 19. a5 Bb5+ 20. 0-1

[Event "HockeyNinjas: 5 Euro playmoney, 11 players"]
[Site "www.chessgamble.com"]
[Date "2015.02.24"]
[Round "1"]
[White "Jonny"]
[Black "Eddy"]
[Result "1-0"]
[WhiteElo "1683"]
[BlackElo "1627"]
[TimeControl "10/864000"]
[Mode "ICS"]

1. e4 c6 2. d4 d5 3. exd5 cxd5 4. c4 Nf6 5. Nc3 e6 6. Nf3 dxc4 7. Bxc4 Qc7 8. Ne5 Qd6 9. O-O Qd8 10. Bb5+ Bd7 11. Qa4 Bxb5 12. Qxb5+ Ke7 13. Qxb7+ Nbd7 14. b4 Rc8 15. Nc6+ Rxc6 16. Qxc6 Qb6 17. Qc4 Qd6 18. Bd2 e5 19. dxe5 Nxe5 20. Rfe1 g6 21. Qb5 1-0

[Event "HockeyNinjas: 5 Euro playmoney, 11 players"]
[Site "www.chessgamble.com"]
[Date "2015.02.24"]
[Round "1"]
[White "Rex"]
[Black "Jonny"]
[Result "1-0"]
[WhiteElo "1930"]
[BlackElo "1683"]
[TimeControl "10/864000"]
[Mode "ICS"]

1. e4 Nf6 2. e5 Nd5 3. d4 d6 4. c4 Nb6 5. f4 Bf5 6. Nc3 d5 7. c5 Nc4 8. g4 Bg6 9. f5 Na6 10. fxg6 hxg6 11. Qb3 Rb8 12. Bxc4 dxc4 13. Qxc4 c6 14. Nf3 Qd7 15. e6 fxe6 16. Ne5 1-0

[Event "HockeyNinjas: 5 Euro playmoney, 11 players"]
[Site "www.chessgamble.com"]
[Date "2015.02.24"]
[Round "1"]
[White "Jonny"]
[Black "Bauernopfer"]
[Result "0-1"]
[WhiteElo "1683"]
[BlackElo "2024"]
[TimeControl "10/864000"]
[Mode "ICS"]

1. e4 Nf6 2. e5 Nd5 3. c4 Nb6 4. c5 Nd5 5. Nc3 Nxc3 6. dxc3 Nc6 7. Nf3 d6 8. cxd6 exd6 9. Bg5 Be7 10. Bf4 O-O 11. Bb5 g5 12. exd6 cxd6 13. Bg3 a6 14. Bc4 Be6 15. Bb3 Bxb3 16. axb3 Qc7 17. O-O Ne5 18. Qd5 Qc6 19. Qxc6 Nxc6 20. Rfd1 Rad8 21. h3 f5 22. c4 f4 23. Re1 fxg3 24. fxg3 d5 25. h4 dxc4 26. bxc4 gxh4 27. gxh4 Rf4 28. b3 Rd3 29. Rab1 Bxh4 30. Red1 Rxd1+ 31. Rxd1 Bg3 32. Rd7 Rf7 33. Rd5 Bf4 34. Kf2 Re7 35. c5 Be3+ 36. Kg3 Nb4 37. Rd8+ Kg7 38. Nd4 Kf6 39. Rf8+ Rf7 40. Rxf7+ Kxf7 41. 0-1

[Event "HockeyNinjas: 5 Euro playmoney, 11 players"]
[Site "www.chessgamble.com"]
[Date "2015.02.24"]
[Round "1"]
[White "gabelangriff"]
[Black "grauBall"]
[Result "1/2-1/2"]
[WhiteElo "1853"]
[BlackElo "1893"]
[TimeControl "10/864000"]
[Mode "ICS"]

1. e4 c6 2. d4 d5 3. Nc3 dxe4 4. Nxe4 Nf6 5. Nxf6+ gxf6 6. Bf4 Bg7 7. Be2 Nd7 8. Nf3 Qa5+ 9. Bd2 Qb6 10. b4 e5 11. Bc3 e4 12. Nh4 Bf8 13. Qd2 Rg8 14. O-O-O Qd8 15. Qf4 Qe7 16. Bg4 Nb6 17. Bxc8 Nxc8 18. d5 cxd5 19. Rxd5 Qe6 20. Rhd1 Nb6 21. Rh5 a5 22. Rd4 Rg4 23. Qc7 axb4 24. Bxb4 e3 25. Rxg4 Qxg4 26. Rxh7 Qxb4 27. Qxf7+ Kd8 28. Qc7+ Ke8 29. Qf7+ Kd8 30. Qc7+ Ke8 31. Qf7+

[Event "HockeyNinjas: 5 Euro playmoney, 11 players"]
[Site "www.chessgamble.com"]
[Date "2015.02.24"]
[Round "1"]
[White "grauBall"]
[Black "bishop"]
[Result "0-1"]
[WhiteElo "1893"]
[BlackElo "1917"]
[TimeControl "10/864000"]
[Mode "ICS"]

1. c4 c5 2. d4 d5 3. dxc5 dxc4 4. Qa4+ Nc6 5. Qxc4 Nf6 6. Nd2 Bg4 7. Ngf3 e6 8. h3 Bxf3 9. Nxf3 Qa5+ 10. Bd2 Qxc5 11. Rc1 Qd6 12. e3 Rd8 13. Be2 Be7 14. Qb5 Rd7 15. O-O O-O 16. Bc3 a6 17. Qa4 Rc8 18. Rfd1 Qb8 19. Ne5 Rxd1+ 20. Rxd1 Nd5 21. Bd4 Nxe5 22. f4 Nc6 23. Bf3 Nxd4 24. Bxd5 Ne2+ 25. Kf2 exd5 26. Kxe2 Bf6 27. Qb3 d4 28. Kf3 Qa7 29. e4 Bh4 30. g3 Be7 31. Kg2 b5 32. a4 Qb6 33. axb5 axb5 34. Ra1 b4 35. e5 Qc6+ 36. 0-1

[Event "HockeyNinjas: 5 Euro playmoney, 11 players"]
[Site "www.chessgamble.com"]
[Date "2015.02.24"]
[Round "1"]
[White "Nightmare"]
[Black "grauBall"]
[Result "1/2-1/2"]
[WhiteElo "1725"]
[BlackElo "1893"]
[TimeControl "10/864000"]
[Mode "ICS"]

1. d4 d5 2. c4 dxc4 3. Nf3 Nf6 4. e3 e6 5. Bxc4 c5 6. O-O a6 7. Ne5 Bd6 8. Nc3 O-O 9. a3 Nbd7 10. f4 Qb6 11. dxc5 Bxc5 12. Qf3 Nxe5 13. fxe5 Nd7 14. Qf4 Qc7 15. b4 Be7 16. Bb2 Nxe5 17. Ne4 Qxc4 18. Bxe5 f5 19. Nf6+ Bxf6 20. Qxc4 Bxe5 21. Rad1 b5 22. Qc5 Bb2 23. Qe7 Bxa3 24. Kf2 Bb2 25. Qc7 e5 26. Qe7 Bc3 27. Rd5 f4 28. Rc1 fxe3+ 29. Kxe3 Bd4+ 30. Rxd4 exd4+ 31. Kxd4 Rf4+ 32. Kd5 Rf5+ 33. Kd6 Rf6+ 34. Kd5 Be6+ 35. Ke5 Bc4 36. Kd4 Rf2 37. Qb7 Rd8+ 38. Ke5 Rd5+ 39. Ke4 Rdd2 40. Qc8+ Kf7 41. Qb7+ Kg8 42. Qc8+ Kf7 43. Qc7+ Kg6 44. Qb6+ Rf6 45. Qc7 Rxg2 46. Ra1 Rg4+ 47. Ke3 Bd5 48. Qc5 Bb7 49. Rd1 Rf3+ 50. Kd2 Rg2+ 51. Kc1 Rf6 52. h4 Rc6 53. Rd6+ Rxd6 54. Qxd6+ Kh5 55. Qe5+ g5 56. hxg5 Rxg5 57. Qe7 Rg1+ 58. Kd2 1/2-1/2

[Event "HockeyNinjas: 5 Euro playmoney, 11 players"]
[Site "www.chessgamble.com"]
[Date "2015.02.24"]
[Round "1"]
[White "grauBall"]
[Black "Eddy"]
[Result "1-0"]
[WhiteElo "1893"]
[BlackElo "1627"]
[TimeControl "10/864000"]
[Mode "ICS"]

1. c4 Nf6 2. d4 d5 3. Na3 dxc4 4. Nxc4 Qd5 5. Ne5 Qb5 6. Ngf3 Qb4+ 7. Qd2 Qa4 8. Ng5 Nc6 9. Ngxf7 Qxd4 10. Nxh8 Qxe5 11. f3 Qc5 12. Qc3 Qxc3+ 13. bxc3 b5 14. e4 a6 15. a4 g6 16. axb5 Bg7 17. bxc6 Bxh8 18. Kd2 g5 19. Bc4 a5 20. h4 g4 21. h5 gxf3 22. gxf3 h6 23. Kd3 Bg7 24. Ra2 e5 25. Rg2 Bh8 26. Bxh6 Rb8 27. Rg5 1-0

[Event "HockeyNinjas: 5 Euro playmoney, 11 players"]
[Site "www.chessgamble.com"]
[Date "2015.02.24"]
[Round "1"]
[White "Rex"]
[Black "grauBall"]
[Result "1-0"]
[WhiteElo "1930"]
[BlackElo "1893"]
[TimeControl "10/864000"]
[Mode "ICS"]

1. d4 d5 2. c4 e6 3. Nc3 Nf6 4. cxd5 exd5 5. Nf3 Bb4 6. Qa4+ Kf8 7. Qxb4+ Kg8 8. Bf4 Na6 9. Qb3 c5 10. Be5 cxd4 11. Bxd4 Nc7 12. Rd1 b6 13. e3 Bb7 14. Be5 Qe7 15. Be2 1-0

[Event "HockeyNinjas: 5 Euro playmoney, 11 players"]
[Site "www.chessgamble.com"]
[Date "2015.02.24"]
[Round "1"]
[White "grauBall"]
[Black "Bauernopfer"]
[Result "0-1"]
[WhiteElo "1893"]
[BlackElo "2024"]
[TimeControl "10/864000"]
[Mode "ICS"]

1. e4 e6 2. d4 d5 3. Nc3 Nf6 4. Bg5 Bb4 5. e5 h6 6. Bb5+ c6 7. exf6 hxg5 8. fxg7 Rg8 9. Bd3 Nd7 10. Nge2 Rxg7 11. O-O Bd6 12. Qd2 Qf6 13. a3 b5 14. Nd1 Qh6 15. h3 Qh4 16. Ne3 Nf6 17. a4 b4 18. c4 g4 19. c5 Bc7 20. Nxg4 Nxg4 21. f4 Nf6 22. Kh1 a5 23. Qe3 Ng4 24. Qf3 Kd7 25. Rac1 Bb7 26. Ng3 Nf6 27. Ne2 Rag8 28. Rg1 Nh5 29. Rcf1 Ng3+ 30. 0-1

[Event "HockeyNinjas: 5 Euro playmoney, 11 players"]
[Site "www.chessgamble.com"]
[Date "2015.02.24"]
[Round "1"]
[White "gabelangriff"]
[Black "bishop"]
[Result "1-0"]
[WhiteElo "1853"]
[BlackElo "1917"]
[TimeControl "10/864000"]
[Mode "ICS"]

1. e4 e6 2. d4 d5 3. e5 Ne7 4. Nf3 h6 5. h4 Nbc6 6. c3 Bd7 7. Nbd2 Rb8 8. Bd3 g6 9. O-O Bg7 10. b4 a5 11. b5 Na7 12. a4 c6 13. c4 dxc4 14. Nxc4 Nd5 15. Nd6+ Kf8 16. Qb3 cxb5 17. axb5 Qb6 18. Bd2 Nc6 19. Qc4 Ncb4 20. Be4 Kg8 21. Bxb4 Nxb4 22. d5 Bxe5 23. Nxe5 Qxd6 24. Nxd7 exd5 25. Qd4 Qxd7 26. Rxa5 Qd8 27. Qxb4 dxe4 28. Ra3 Qxh4 29. Rc1 Qf4 30. Re1 f5 31. Qe7 Rh7 32. Qe6+ Kg7 33. Rg3 g5 34. Qe7+ Kg8 35. Qe6+ Kg7 36. Qe7+ Kg8 37. Qe6+ Kf8 38. Qf6+ Ke8 39. Qg6+ Rf7 40. Qe6+ Re7 41. Qg6+ Rf7 42. Qe6+ Re7 43. Qg8+ Kd7 44. Rd1+ Kc7 45. Qg6 1-0

[Event "HockeyNinjas: 5 Euro playmoney, 11 players"]
[Site "www.chessgamble.com"]
[Date "2015.02.24"]
[Round "1"]
[White "Nightmare"]
[Black "gabelangriff"]
[Result "1-0"]
[WhiteElo "1725"]
[BlackElo "1853"]
[TimeControl "10/864000"]
[Mode "ICS"]

1. d4 d5 2. c4 e6 3. Nc3 Nf6 4. Nf3 c5 5. cxd5 exd5 6. Be3 c4 7. Bg5 Nc6 8. e4 dxe4 9. Nxe4 Qe7 10. Nfd2 b5 11. Bxf6 gxf6 12. d5 Nd4 13. d6 Qe5 14. Be2 f5 15. f4 Qxf4 16. Nf6+ Kd8 17. Nf3 Nxe2 18. Qxe2 Bxd6 19. g3 Bb4+ 20. Kf2 Bc5+ 21. Kg2 Qh6 22. Qe5 Bb7 23. Rd1+ 1-0

[Event "HockeyNinjas: 5 Euro playmoney, 11 players"]
[Site "www.chessgamble.com"]
[Date "2015.02.24"]
[Round "1"]
[White "gabelangriff"]
[Black "Eddy"]
[Result "1-0"]
[WhiteElo "1853"]
[BlackElo "1627"]
[TimeControl "10/864000"]
[Mode "ICS"]

1. d4 d5 2. c4 e6 3. Nc3 Nf6 4. Bg5 Nbd7 5. e3 c6 6. Nf3 Qa5 7. Bd3 dxc4 8. Bxc4 Qf5 9. O-O Bd6 10. Bd3 Qg4 11. h3 Qh5 12. Bf4 Bxf4 13. exf4 g6 14. a3 Rb8 15. Qa4 Ra8 16. Qb4 a5 17. Qd6 a4 18. Bc2 Rg8 19. Bxa4 Rg7 20. Bc2 Qh6 21. Rfe1 Ra5 22. Qc7 1-0

[Event "HockeyNinjas: 5 Euro playmoney, 11 players"]
[Site "www.chessgamble.com"]
[Date "2015.02.24"]
[Round "1"]
[White "Rex"]
[Black "gabelangriff"]
[Result "0-1"]
[WhiteElo "1930"]
[BlackElo "1853"]
[TimeControl "10/864000"]
[Mode "ICS"]
[Termination "time forfeit"]

1. d4 d5 2. c4 e6 3. Nc3 Nf6 4. Bg5 Be7 5. e3 O-O 6. Nf3 Nbd7 7. Bd3 dxc4 8. Bxc4 h6 9. Bf4 Nb6 10. Bd3 Nbd5 11. Be5 Bb4 12. Qc2 Nxc3 13. bxc3 Be7 14. Bxf6 Bxf6 15. O-O Re8 16. Bh7+ Kf8 17. Rab1 Qd6 18. Be4 c6 19. c4 b6 20. c5 bxc5 21. dxc5 Qc7 22. Qa4 Bd7 23. Nd4 Be5 24. f4 Bxd4 25. Qxd4 Rab8 26. Rfd1 Rxb1 27. Bxb1 Rd8 28. a4 a5 29. Bc2 f5 30. Bb3 Rb8 31. Qc3 Bc8 32. Rd6 Rb4 33. Qd3 Re4 34. Rd8+ Kf7 35. Kf2 Kg6 36. Rd6 Kh7 37. Rd8 Ba6 38. Qd6 Qb7 39. Rb8 Qa7 40. 0-1

[Event "HockeyNinjas: 5 Euro playmoney, 11 players"]
[Site "www.chessgamble.com"]
[Date "2015.02.24"]
[Round "1"]
[White "gabelangriff"]
[Black "Bauernopfer"]
[Result "0-1"]
[WhiteElo "1853"]
[BlackElo "2024"]
[TimeControl "10/864000"]
[Mode "ICS"]

1. e4 c5 2. c3 Nf6 3. e5 Nd5 4. d4 d6 5. Nd2 cxd4 6. cxd4 Nc6 7. Ndf3 Qa5+ 8. Bd2 Qb6 9. Bc3 Nxc3 10. bxc3 Qa5 11. Qb3 dxe5 12. Bc4 e6 13. Ne2 exd4 14. O-O dxc3 15. Nxc3 Bb4 16. Nb5 a6 17. a3 Bc5 18. Nc3 b5 19. Be2 O-O 20. Ne4 Nd4 21. Nxd4 Bxd4 22. Rac1 Bb7 23. Bf3 Bd5 24. Qb4 Qxb4 25. axb4 a5 26. Rfd1 Be5 27. Ng5 Rfd8 28. Rc5 Bxf3 29. Rxd8+ Rxd8 30. gxf3 Bd6 31. Rxb5 h6 32. Nxf7 Kxf7 33. bxa5 Ra8 34. h4 Kf6 35. Kg2 Bc7 36. h5 Bxa5 37. Kg3 Bc7+ 38. 0-1

[Event "HockeyNinjas: 5 Euro playmoney, 11 players"]
[Site "www.chessgamble.com"]
[Date "2015.02.24"]
[Round "1"]
[White "bishop"]
[Black "Nightmare"]
[Result "1-0"]
[WhiteElo "1917"]
[BlackElo "1725"]
[TimeControl "10/864000"]
[Mode "ICS"]

1. d4 d5 2. c4 dxc4 3. Nf3 Nf6 4. Nc3 a6 5. e4 b5 6. e5 Nd5 7. a4 Nxc3 8. bxc3 Qd5 9. g3 Bb7 10. Bg2 Qd7 11. e6 Qxe6+ 12. Qe2 Qxe2+ 13. Kxe2 e6 14. Bf4 Bd6 15. Bg5 O-O 16. axb5 axb5 17. Rhb1 f6 18. Rxa8 Bxa8 19. Bf4 Bxf4 20. gxf4 Bc6 21. Nh4 Nd7 22. Bxc6 Rd8 23. Bxb5 Nb6 24. Rb4 Nd5 25. Rxc4 Rb8 26. Bd7 Rb2+ 27. Kf3 Kf7 28. Rc6 1-0

[Event "HockeyNinjas: 5 Euro playmoney, 11 players"]
[Site "www.chessgamble.com"]
[Date "2015.02.24"]
[Round "1"]
[White "Eddy"]
[Black "bishop"]
[Result "0-1"]
[WhiteElo "1627"]
[BlackElo "1917"]
[TimeControl "10/864000"]
[Mode "ICS"]

1. e4 e5 2. Nf3 Nc6 3. Bb5 Nf6 4. d3 d6 5. d4 Nxe4 6. dxe5 dxe5 7. Bxc6+ bxc6 8. Qxd8+ Kxd8 9. b3 Bb4+ 10. c3 Nxc3 11. Nxc3 Bxc3+ 12. 0-1

[Event "HockeyNinjas: 5 Euro playmoney, 11 players"]
[Site "www.chessgamble.com"]
[Date "2015.02.24"]
[Round "1"]
[White "bishop"]
[Black "Rex"]
[Result "0-1"]
[WhiteElo "1917"]
[BlackElo "1930"]
[TimeControl "10/864000"]
[Mode "ICS"]

1. e4 e6 2. d4 d5 3. Nc3 Nf6 4. Bg5 Bb4 5. Bb5+ Nc6 6. e5 h6 7. exf6 hxg5 8. fxg7 Rg8 9. a3 Bd6 10. Qd3 Qf6 11. Bxc6+ bxc6 12. Nf3 g4 13. Qh7 Rxg7 14. Qh4 Qxh4 15. Nxh4 Ba6 16. O-O-O Be7 17. Nxd5 cxd5 18. g3 Bxh4 19. gxh4 Be2 20. Rde1 Bf3 21. Rhg1 Rh7 22. h3 Rxh4 23. hxg4 Rb8 24. a4 Rh2 25. 0-1

[Event "HockeyNinjas: 5 Euro playmoney, 11 players"]
[Site "www.chessgamble.com"]
[Date "2015.02.24"]
[Round "1"]
[White "Bauernopfer"]
[Black "bishop"]
[Result "1-0"]
[WhiteElo "2024"]
[BlackElo "1917"]
[TimeControl "10/864000"]
[Mode "ICS"]

1. d4 d5 2. c4 e6 3. Nc3 Nf6 4. Bg5 Be7 5. e3 O-O 6. Nf3 Nbd7 7. Qc2 h6 8. Bh4 c5 9. cxd5 exd5 10. O-O-O c4 11. Be2 Qa5 12. Ne5 Re8 13. Bf3 Bb4 14. Nxd7 Nxd7 15. Nxd5 b5 16. Nxb4 1-0

[Event "HockeyNinjas: 5 Euro playmoney, 11 players"]
[Site "www.chessgamble.com"]
[Date "2015.02.24"]
[Round "1"]
[White "Nightmare"]
[Black "Eddy"]
[Result "1-0"]
[WhiteElo "1725"]
[BlackElo "1627"]
[TimeControl "10/864000"]
[Mode "ICS"]

1. e4 c6 2. d4 d5 3. Nc3 dxe4 4. Nxe4 Nf6 5. Nxf6+ gxf6 6. Ne2 e5 7. c4 e4 8. Ng3 c5 9. Nxe4 cxd4 10. a3 Bf5 11. Ng3 Be6 12. h3 Bc8 13. Bd3 Qe7+ 14. Qe2 Qe6 15. Qe4 Qxe4+ 16. Nxe4 f5 17. Nf6+ Ke7 18. Bg5 Kd8 19. Nd5+ 1-0

[Event "HockeyNinjas: 5 Euro playmoney, 11 players"]
[Site "www.chessgamble.com"]
[Date "2015.02.24"]
[Round "1"]
[White "Rex"]
[Black "Nightmare"]
[Result "1-0"]
[WhiteElo "1930"]
[BlackElo "1725"]
[TimeControl "10/864000"]
[Mode "ICS"]

1. e4 e5 2. Nf3 d6 3. d4 Nc6 4. d5 Nce7 5. Bg5 Nf6 6. Nc3 Bg4 7. Be2 c6 8. dxc6 bxc6 9. O-O Rb8 10. b3 h6 11. Be3 Qd7 12. h3 Bxf3 13. Bxf3 d5 14. exd5 cxd5 15. Bc5 d4 16. Ne4 Ned5 17. Nxf6+ gxf6 18. Bxd5 Bxc5 19. Be4 Qb5 20. Qf3 Rb6 21. c3 h5 22. Rac1 dxc3 23. Qxc3 Qb4 24. Qxc5 1-0

[Event "HockeyNinjas: 5 Euro playmoney, 11 players"]
[Site "www.chessgamble.com"]
[Date "2015.02.24"]
[Round "1"]
[White "Nightmare"]
[Black "Bauernopfer"]
[Result "0-1"]
[WhiteElo "1725"]
[BlackElo "2024"]
[TimeControl "10/864000"]
[Mode "ICS"]

1. d4 d5 2. c4 dxc4 3. Nf3 Nf6 4. e3 e6 5. Bxc4 c5 6. O-O a6 7. dxc5 Bxc5 8. Qxd8+ Kxd8 9. Rd1+ Ke8 10. Nc3 b5 11. Bb3 Bb7 12. Ng5 h6 13. Rd8+ Kxd8 14. Nxf7+ Ke7 15. Nxh8 Nbd7 16. Ng6+ Kf7 17. Nf4 Re8 18. Bd2 Ne5 19. e4 g5 20. Nfe2 Nd3 21. Nd1 Nxe4 22. Be3 Bxe3 23. fxe3 Rc8 24. a3 Kf6 25. Nd4 e5 26. Ne2 Rc7 27. Rb1 Nd2 28. Ba2 Nxb1 29. Bxb1 Rd7 30. Kf1 Nf4 31. Nd4 Nxg2 32. 0-1

[Event "HockeyNinjas: 5 Euro playmoney, 11 players"]
[Site "www.chessgamble.com"]
[Date "2015.02.24"]
[Round "1"]
[White "Eddy"]
[Black "Rex"]
[Result "0-1"]
[WhiteElo "1627"]
[BlackElo "1930"]
[TimeControl "10/864000"]
[Mode "ICS"]

1. d4 d5 2. c4 e6 3. Nc3 Nf6 4. cxd5 exd5 5. Rb1 Na6 6. Qd3 Nb4 7. Qe3+ Be6 8. Qg3 Nc2+ 9. Kd1 Nxd4 10. b4 Ne4 11. Nxe4 dxe4 12. Qa3 Nb5+ 13. 0-1